Canadiens vs Blackhawks
(R1)
Created - 26 novembre 2012 at 19:05
Goals
|
| Canadiens |
3 |
3 |
0 |
6 |
| Blackhawks |
1 |
1 |
1 |
3 |
|
Shots
|
| Canadiens |
14 |
11 |
6 |
31 |
| Blackhawks |
12 |
11 |
12 |
35 |
|
1st period
1. Blackhawks , Kris Versteeg 3 (Joe Sakic) at 12:40 (PP)
2. Canadiens , Robert Nilsson 3 (Donald Brashear) at 13:03
3. Canadiens , Viktor Kozlov 6 (Tomas Holmstrom, Richard Zednik) at 15:04
4. Canadiens , Richard Zednik 1 (Tomas Holmstrom, Tyler Sloan) at 19:41
Penalties :
Brent Sopel (Chi) for Hooking (Minor) at 2:33, Martin Havlat (Chi) for High sticking (Minor) at 6:07, Donald Brashear (Mon) for Hooking (Minor) at 12:38, Donald Brashear (Mon) for Roughing (Minor) at 17:20, Bill Guerin (Chi) for Goalie Interference (Minor) at 19:56
2nd period
5. Canadiens , Richard Zednik 2 (Tomas Holmstrom, Viktor Kozlov) at 5:47 (PP)
6. Canadiens , Alexei Yashin 2 (Ryane Clowe, Patrick Eaves) at 9:27
7. Canadiens , Marek Svatos 3 (Robert Nilsson, Donald Brashear) at 12:56
8. Blackhawks , Bill Guerin 2 (Joe Sakic, Kris Versteeg) at 16:14 (PP)
Penalties :
Brent Sopel (Chi) for Hooking (Minor) at 2:53, Tomas Kloucek (Mon) for Tripping (Minor) at 2:53, Matthew Spiller (Chi) for Holding Stick (Minor) at 5:31, Éric Desjardins (Mon) for Cross-checking (Minor) at 9:49, Tyler Arnason (Mon) for Holding (Minor) at 16:04, Brent Sopel (Chi) for Fighting (Major) at 16:15, Shane O'Brien (Mon) for Fighting (Major) at 16:15
3rd period
9. Blackhawks , Bill Guerin 3 (Kris Versteeg, Kristopher Letang) at 0:12
Penalties :
Marek Svatos (Mon) for Diving (Minor) at 0:54, Scott Gomez (Chi) for Holding (Minor) at 3:16, Brent Sopel (Chi) for Charging (Minor) at 4:55, Richard Zednik (Mon) for Slashing (Minor) at 4:55, Scott Gomez (Chi) for Interference (Minor) at 10:19, Martin Havlat (Chi) for Roughing (Minor) at 12:25, Richard Zednik (Mon) for Tripping (Minor) at 13:36, Marek Zidlicky (Chi) for Interference (Minor) at 13:51, Hnat Domenichelli (Chi) for Tripping (Minor) at 17:52, Shane O'Brien (Mon) for Tripping (Minor) at 17:52
Goalie Stats
Kari Lehtonen (Mon), 32 saves from 35 shots - (0,914), W, 3-1-0, 60:00 minutes
Jocelyn Thibault (Chi), 15 saves from 19 shots - (0,789), L, 0-1-1, 25:47 minutes
Tyler Weiman (Chi), 10 saves from 12 shots - (0,833), 34:13 minutes
Players Stats for Canadiens
Player Name G A P +/- PIM S H SB GA TA FO MP PP MP PK MP
------------------------------------------------------------------------------------
Alexei Yashin 1 0 1 1 0 2 2 0 1 0 0/2 12:20 0:00 2:05
Donald Brashear 0 2 2 1 4 5 2 1 0 0 0/2 25:01 6:05 2:33
Duncan Keith 0 0 0 1 0 1 2 2 1 1 0/0 30:16 6:41 3:25
Éric Desjardins 0 0 0 0 2 4 0 1 0 0 0/0 28:27 6:41 2:04
Marek Svatos 1 0 1 1 2 3 2 1 2 0 0/0 17:39 6:04 0:00
Mark Stuart 0 0 0 4 0 0 1 2 0 1 0/0 11:20 0:00 1:21
Michel Ouellet 0 0 0 0 0 0 0 0 0 0 0/0 5:50 0:00 0:00
Patrick Eaves 0 1 1 1 0 0 1 1 0 1 0/0 7:41 0:00 0:00
Richard Zednik 2 1 3 2 4 3 3 0 0 0 0/0 13:52 5:11 0:00
Robert Nilsson 1 1 2 1 0 3 1 0 1 2 21/47 25:57 6:05 3:39
Ryan Bayda 0 0 0 0 0 1 0 0 0 0 0/1 7:22 0:00 1:22
Ryane Clowe 0 1 1 1 0 0 1 0 0 1 0/0 10:36 0:00 1:02
Shane O'Brien 0 0 0 0 7 0 2 1 0 0 0/0 19:09 4:36 2:52
Tomas Holmstrom 0 3 3 2 0 6 0 1 1 0 1/1 13:44 5:12 0:09
Tomas Kloucek 0 0 0 0 2 1 2 0 0 2 0/0 21:03 4:36 2:44
Tyler Arnason 0 0 0 0 2 0 2 1 0 0 1/1 7:53 0:00 0:09
Tyler Sloan 0 1 1 3 0 1 0 2 0 1 0/0 10:27 0:00 0:00
Viktor Kozlov 1 1 2 2 0 1 2 0 1 0 6/10 17:16 5:12 1:19
Players Stats for Blackhawks
Player Name G A P +/- PIM S H SB GA TA FO MP PP MP PK MP
------------------------------------------------------------------------------------
Bill Guerin 2 0 2 -1 2 4 0 1 0 0 0/1 14:47 3:29 0:00
Brent Sopel 0 0 0 -2 11 4 4 0 2 0 0/0 19:50 2:04 3:41
Brooks Laich 0 0 0 -2 0 2 1 0 0 0 1/4 12:00 0:00 2:32
Chris Gratton 0 0 0 0 0 3 1 0 0 0 4/5 8:25 0:00 2:29
Dan Hinote 0 0 0 0 0 1 0 0 0 0 0/0 8:43 0:09 2:29
Greg De Vries 0 0 0 -2 0 0 1 1 0 1 0/0 15:24 2:04 1:18
Hnat Domenichelli 0 0 0 0 2 3 2 1 0 0 0/0 9:19 0:09 2:28
Jason Smith 0 0 0 -1 0 1 3 0 1 1 0/0 23:37 0:00 7:38
Jeff Taffe 0 0 0 -2 0 0 0 0 1 1 0/0 7:47 0:00 0:00
Joe Sakic 0 2 2 -1 0 5 3 0 0 1 20/31 18:52 3:29 0:02
Kris Versteeg 1 2 3 -1 0 7 4 3 1 1 4/9 22:58 3:29 4:03
Kristopher Letang 0 1 1 1 0 0 1 1 0 0 0/0 23:30 4:05 4:29
Marek Zidlicky 0 0 0 -1 2 3 0 2 0 1 0/0 20:00 4:05 0:02
Martin Havlat 0 0 0 -1 4 1 2 0 0 0 0/2 18:07 2:31 5:08
Matthew Spiller 0 0 0 -3 2 0 1 2 0 0 0/0 18:42 0:00 7:11
Nikita Alexeev 0 0 0 -2 0 0 0 0 4 0 1/1 9:41 0:09 0:00
Scott Gomez 0 0 0 -1 4 1 2 0 0 0 5/11 17:12 2:31 4:16
Steve Sullivan 0 0 0 -1 0 0 0 0 0 1 0/0 10:48 2:31 0:00
3 Stars
1 - Richard Zednik (Mon)
2 - Kris Versteeg (Chi)
3 - Viktor Kozlov (Mon)
Power Play
Canadiens - 1 on 8 Attempt(s) - 12,50%
Blackhawks - 2 on 6 Attempt(s) - 33,33%
Penalty Kill
Canadiens - 4 on 6 Attempt(s) - 66,67%
- Score 0 goal in Penalty Kill
Blackhawks - 7 on 8 Attempt(s) - 87,50%
- Score 0 goal in Penalty Kill
Official
Referees : Kimmerly Greg and Walkom Stephen
Linesman : Brian Murphy and Steve Miller
Game Notes
Tyler Weiman enters game at 5:47 of 2nd period
Brent Sopel beats up Shane O'Brien at 16:15 of 2nd period
Finance
Level 1 -- Attendance: 5281 (88,02%) -- Ticket Income 485 852 $
Level 2 -- Attendance: 4218 (84,36%) -- Ticket Income 244 644 $
Level 3 -- Attendance: 1948 (97,40%) -- Ticket Income 58 440 $
Level 4 -- Attendance: 2817 (70,43%) -- Ticket Income 67 608 $
Luxury Box -- Attendance: 924 (92,40%) -- Ticket Income 181 104 $
Game was played at the Chicago Stadium
Total Attendance: 15188 (84,38%)
Total Ticket Income: 1 037 648 $
Total Income: 1 037 648 $
Canadiens
5 vs 5 Forward
Center Left Wing Right Wing Time % Phy DF OF
1 Robert Nilsson Donald Brashear Marek Svatos 40 1 2 2
2 Viktor Kozlov Tomas Holmstrom Richard Zednik 30 1 2 2
3 Alexei Yashin Ryane Clowe Patrick Eaves 20 1 2 2
4 Tyler Arnason Ryan Bayda Michel Ouellet 10 1 2 2
5 vs 5 Defense
Defense Defense Time % Phy DF OF
1 Duncan Keith Éric Desjardins 40 1 2 2
2 Tomas Kloucek Shane O'Brien 30 1 2 2
3 Tyler Sloan Mark Stuart 20 1 2 2
4 Duncan Keith Éric Desjardins 10 1 2 2
PowerPlay Forward
Center Left Wing Right Wing Time % Phy DF OF
1 Robert Nilsson Donald Brashear Marek Svatos 60 1 2 2
2 Viktor Kozlov Tomas Holmstrom Richard Zednik 40 1 2 2
PowerPlay Defense
Defense Defense Time % Phy DF OF
1 Duncan Keith Éric Desjardins 60 1 2 2
2 Tomas Kloucek Shane O'Brien 40 1 2 2
Penalty Kill 4 Players Forward
Center Wing Time % Phy DF OF
1 Robert Nilsson Donald Brashear 60 1 2 2
2 Viktor Kozlov Alexei Yashin 40 1 2 2
Penalty Kill 4 Players Defense
Defense Defense Time % Phy DF OF
1 Duncan Keith Éric Desjardins 60 1 2 2
2 Tomas Kloucek Shane O'Brien 40 1 2 2
Penalty Kill - 3 Players Forward
Forward Time % Phy DF OF
1 Robert Nilsson 60 1 2 2
2 Donald Brashear 40 1 2 2
Penalty Kill - 3 Players Defense
Defense Defense Time % Phy DF OF
1 Duncan Keith Éric Desjardins 60 1 2 2
2 Tomas Kloucek Shane O'Brien 40 1 2 2
4 vs 4 Forward
Center Wing Time % Phy DF OF
1 Robert Nilsson Donald Brashear 60 1 2 2
2 Viktor Kozlov Alexei Yashin 40 1 2 2
4 vs 4 Defense
Defense Defense Time % Phy DF OF
1 Duncan Keith Éric Desjardins 60 1 2 2
2 Tomas Kloucek Shane O'Brien 40 1 2 2
Last Minutes Offensive
Center Left Wing Right Wing Defense Defense
Robert Nilsson Donald Brashear Marek Svatos Duncan Keith Éric Desjardins
Last Minutes Defensive
Center Left Wing Right Wing Defense Defense
Robert Nilsson Donald Brashear Marek Svatos Duncan Keith Éric Desjardins
Goaltenders
Starting : Kari Lehtonen
Backup : Mikael Tellqvist
Extra Forwards
Normal : Tyler Arnason, Ryane Clowe, Ryan Bayda - PP : Tyler Arnason, Ryane Clowe - PK : Ryan Bayda
Extra Defensemen
Normal : Tyler Sloan, Mark Stuart, Tomas Kloucek - PP : Tyler Sloan - PK : Mark Stuart, Tomas Kloucek
Penalty Shots
Robert Nilsson, Donald Brashear, Viktor Kozlov, Alexei Yashin, Tomas Holmstrom
Blackhawks
5 vs 5 Forward
Center Left Wing Right Wing Time % Phy DF OF
1 Joe Sakic Kris Versteeg Bill Guerin 40 1 2 2
2 Scott Gomez Steve Sullivan Martin Havlat 30 1 2 2
3 Brooks Laich Jeff Taffe Nikita Alexeev 20 1 2 2
4 Chris Gratton Hnat Domenichelli Dan Hinote 10 1 2 2
5 vs 5 Defense
Defense Defense Time % Phy DF OF
1 Brent Sopel Marek Zidlicky 40 1 2 2
2 Jason Smith Kristopher Letang 30 1 2 2
3 Greg De Vries Matthew Spiller 20 1 2 2
4 Jason Smith Brent Sopel 10 1 2 2
PowerPlay Forward
Center Left Wing Right Wing Time % Phy DF OF
1 Joe Sakic Kris Versteeg Bill Guerin 60 1 1 3
2 Scott Gomez Steve Sullivan Martin Havlat 40 1 1 3
PowerPlay Defense
Defense Defense Time % Phy DF OF
1 Marek Zidlicky Kristopher Letang 60 1 1 3
2 Greg De Vries Brent Sopel 40 1 1 3
Penalty Kill 4 Players Forward
Center Wing Time % Phy DF OF
1 Scott Gomez Martin Havlat 60 1 3 1
2 Chris Gratton Dan Hinote 40 1 3 1
Penalty Kill 4 Players Defense
Defense Defense Time % Phy DF OF
1 Jason Smith Matthew Spiller 60 1 3 1
2 Brent Sopel Kristopher Letang 40 1 3 1
Penalty Kill - 3 Players Forward
Forward Time % Phy DF OF
1 Martin Havlat 60 1 2 2
2 Dan Hinote 40 1 2 2
Penalty Kill - 3 Players Defense
Defense Defense Time % Phy DF OF
1 Matthew Spiller Jason Smith 60 1 2 2
2 Kristopher Letang Brent Sopel 40 1 2 2
4 vs 4 Forward
Center Wing Time % Phy DF OF
1 Joe Sakic Kris Versteeg 60 1 2 2
2 Scott Gomez Martin Havlat 40 1 2 2
4 vs 4 Defense
Defense Defense Time % Phy DF OF
1 Brent Sopel Marek Zidlicky 60 1 2 2
2 Jason Smith Kristopher Letang 40 1 2 2
Last Minutes Offensive
Center Left Wing Right Wing Defense Defense
Joe Sakic Kris Versteeg Bill Guerin Marek Zidlicky Kristopher Letang
Last Minutes Defensive
Center Left Wing Right Wing Defense Defense
Joe Sakic Kris Versteeg Martin Havlat Jason Smith Brent Sopel
Goaltenders
Starting : Jocelyn Thibault
Backup : Tyler Weiman
Extra Forwards
Normal : Brooks Laich, Nikita Alexeev, Hnat Domenichelli - PP : Nikita Alexeev, Kris Versteeg - PK : Kris Versteeg
Extra Defensemen
Normal : Kristopher Letang, Matthew Spiller, Greg De Vries - PP : Kristopher Letang - PK : Matthew Spiller, Kristopher Letang
Penalty Shots
Kris Versteeg, Martin Havlat, Joe Sakic, Bill Guerin, Scott Gomez
% Time on Ice - Canadiens
Lines # - Real PCT - Wanted PCT - Time Play
Normal Forward
1 - 37% - 40% - 12:48
2 - 24% - 30% - 8:19
3 - 22% - 20% - 7:41
4 - 17% - 10% - 5:50
Normal Defense
1 - 46% - 40% - 15:46
2 - 32% - 30% - 11:13
3 - 20% - 20% - 6:51
4 - 2% - 10% - 0:48
PP Forward
1 - 54% - 60% - 6:05
2 - 46% - 40% - 5:12
PP Defense
1 - 59% - 60% - 6:41
2 - 41% - 40% - 4:36
PK Forward
1 - 79% - 60% - 4:50
2 - 21% - 40% - 1:19
PK Defense
1 - 56% - 60% - 3:25
2 - 44% - 40% - 2:44
PK3 Forward
1 - 0% - 60%
2 - 0% - 40%
PK3 Defense
1 - 0% - 60%
2 - 0% - 40%
44 Forward
1 - 69% - 60% - 5:30
2 - 31% - 40% - 2:26
44 Defense
1 - 52% - 60% - 4:07
2 - 48% - 40% - 3:49
Last Minute Offensive - 0:00
Last Minute Defensive - 0:00
Total
Forward - 60:00
Defense - 60:00
|
% Time on Ice - Blackhawks
Lines # - Real PCT - Wanted PCT - Time Play
Normal Forward
1 - 37% - 40% - 12:52
2 - 24% - 30% - 8:26
3 - 21% - 20% - 7:25
4 - 17% - 10% - 5:55
Normal Defense
1 - 39% - 40% - 13:38
2 - 28% - 30% - 9:42
3 - 25% - 20% - 8:45
4 - 7% - 10% - 2:33
PP Forward
1 - 59% - 60% - 3:38
2 - 41% - 40% - 2:31
PP Defense
1 - 66% - 60% - 4:05
2 - 34% - 40% - 2:04
PK Forward
1 - 78% - 60% - 8:48
2 - 22% - 40% - 2:29
PK Defense
1 - 62% - 60% - 7:02
2 - 38% - 40% - 4:15
PK3 Forward
1 - 100% - 60% - 0:53
2 - 0% - 40% - 0:00
PK3 Defense
1 - 100% - 60% - 0:53
2 - 0% - 40% - 0:00
44 Forward
1 - 76% - 60% - 5:21
2 - 24% - 40% - 1:42
44 Defense
1 - 73% - 60% - 5:10
2 - 27% - 40% - 1:53
Last Minute Offensive - 0:00
Last Minute Defensive - 0:00
Total
Forward - 60:00
Defense - 60:00
|
Play by Play
1st period
0:01 of 1st period - Kris Versteeg wins face-off versus Robert Nilsson in neutral zone.
0:04 of 1st period - Éric Desjardins is hit by Joe Sakic and loses puck.
0:11 of 1st period - Backhand shot by Kris Versteeg.
0:11 of 1st period - Stopped by Kari Lehtonen with a rebound.
0:13 of 1st period - Slapshot by Brent Sopel.
0:13 of 1st period - Deflect By Robert Nilsson.
0:13 of 1st period - Stopped by Kari Lehtonen with a rebound.
0:15 of 1st period - Slapshot by Joe Sakic.
0:15 of 1st period - Shot Blocked by Marek Svatos.
0:48 of 1st period - Snap shot by Alexei Yashin.
0:48 of 1st period - Shot Misses the Net.
0:54 of 1st period - Duncan Keith is hit by Jason Smith and loses puck.
1:05 of 1st period - Snap shot by Tyler Arnason.
1:05 of 1st period - Shot Misses the Net.
1:07 of 1st period - Slapshot by Éric Desjardins.
1:07 of 1st period - Shot Misses the Net.
1:09 of 1st period - Slapshot by Duncan Keith.
1:09 of 1st period - Shot Blocked by Hnat Domenichelli.
1:11 of 1st period - Slapshot by Duncan Keith.
1:11 of 1st period - Stopped by Jocelyn Thibault without a rebound.
1:12 of 1st period - Tyler Arnason wins face-off versus Joe Sakic in Blackhawks zone.
1:54 of 1st period - Snap shot by Ryan Bayda.
1:54 of 1st period - Deflect By Brent Sopel.
1:54 of 1st period - Stopped by Jocelyn Thibault with a rebound.
2:12 of 1st period - Snap shot by Martin Havlat.
2:12 of 1st period - Stopped by Kari Lehtonen without a rebound.
2:13 of 1st period - Robert Nilsson wins face-off versus Joe Sakic in Canadiens zone.
2:24 of 1st period - Wrist shot by Robert Nilsson.
2:24 of 1st period - Deflect By Marek Svatos.
2:24 of 1st period - Stopped by Jocelyn Thibault with a rebound.
2:26 of 1st period - Slapshot by Tomas Kloucek.
2:26 of 1st period - Stopped by Jocelyn Thibault without a rebound.
2:27 of 1st period - Viktor Kozlov wins face-off versus Brooks Laich in Blackhawks zone.
2:30 of 1st period - Slapshot by Tomas Holmstrom.
2:30 of 1st period - Shot Misses the Net.
2:33 of 1st period - Minor Penalty to Brent Sopel for Hooking.
2:34 of 1st period - Robert Nilsson wins face-off versus Scott Gomez in Blackhawks zone.
2:37 of 1st period - Wrist shot by Marek Svatos.
2:37 of 1st period - Shot Misses the Net.
4:33 of 1st period - Penalty to Brent Sopel is over, Brent Sopel is back on ice.
5:11 of 1st period - Snap shot by Kris Versteeg.
5:11 of 1st period - Shot Misses the Net.
5:13 of 1st period - Snap shot by Nikita Alexeev.
5:13 of 1st period - Shot Blocked by Tyler Arnason.
5:15 of 1st period - Slapshot by Brent Sopel.
5:15 of 1st period - Stopped by Kari Lehtonen with a rebound.
5:17 of 1st period - Snap shot by Brent Sopel.
5:17 of 1st period - Shot Blocked by Mark Stuart.
5:19 of 1st period - Slapshot by Marek Zidlicky.
5:19 of 1st period - Shot Blocked by Tyler Sloan.
5:21 of 1st period - Snap shot by Brent Sopel.
5:21 of 1st period - Deflect By Brooks Laich.
5:21 of 1st period - Shot Blocked by Tyler Sloan.
5:21 of 1st period - Puck is out of play.
5:22 of 1st period - Chris Gratton wins face-off versus Alexei Yashin in Canadiens zone.
5:29 of 1st period - Slapshot by Hnat Domenichelli.
5:29 of 1st period - Shot Blocked by Patrick Eaves.
5:31 of 1st period - Wrist shot by Hnat Domenichelli.
5:31 of 1st period - Stopped by Kari Lehtonen with a rebound.
5:35 of 1st period - Snap shot by Dan Hinote.
5:35 of 1st period - Stopped by Kari Lehtonen without a rebound.
5:36 of 1st period - Joe Sakic wins face-off versus Robert Nilsson in Canadiens zone.
6:07 of 1st period - Minor Penalty to Martin Havlat for High sticking.
6:08 of 1st period - Robert Nilsson wins face-off versus Scott Gomez in Blackhawks zone.
6:21 of 1st period - Snap shot by Marek Svatos.
6:21 of 1st period - Stopped by Jocelyn Thibault with a rebound.
8:07 of 1st period - Penalty to Martin Havlat is over, Martin Havlat is back on ice.
8:20 of 1st period - Greg De Vries is hit by Shane O'Brien and loses puck.
8:57 of 1st period - Bill Guerin is hit by Alexei Yashin and loses puck.
10:11 of 1st period - Snap shot by Hnat Domenichelli.
10:11 of 1st period - Stopped by Kari Lehtonen without a rebound.
10:12 of 1st period - Viktor Kozlov wins face-off versus Chris Gratton in Canadiens zone.
10:24 of 1st period - Off-side.
10:25 of 1st period - Joe Sakic wins face-off versus Robert Nilsson in neutral zone.
10:50 of 1st period - Richard Zednik is hit by Scott Gomez and loses puck.
10:55 of 1st period - Snap shot by Scott Gomez.
10:55 of 1st period - Stopped by Kari Lehtonen without a rebound.
10:56 of 1st period - Tomas Holmstrom wins face-off versus Kris Versteeg in Canadiens zone.
11:30 of 1st period - Snap shot by Marek Svatos.
11:30 of 1st period - Shot Blocked by Kristopher Letang.
11:59 of 1st period - Icing by Duncan Keith.
12:00 of 1st period - Chris Gratton wins face-off versus Viktor Kozlov in Canadiens zone.
12:11 of 1st period - Tomas Holmstrom is hit by Hnat Domenichelli and loses puck.
12:26 of 1st period - Duncan Keith is hit by Brent Sopel and loses puck.
12:38 of 1st period - Minor Penalty to Donald Brashear for Hooking.
12:39 of 1st period - Joe Sakic wins face-off versus Robert Nilsson in Canadiens zone.
12:40 of 1st period - Snap shot by Kris Versteeg.
12:40 of 1st period - Goal by Kris Versteeg - Canadiens : 0 - Blackhawks : 1.
12:41 of 1st period - Robert Nilsson wins face-off versus Joe Sakic in neutral zone.
12:46 of 1st period - Snap shot by Donald Brashear.
12:46 of 1st period - Shot Blocked by Kris Versteeg.
12:48 of 1st period - Backhand shot by Éric Desjardins.
12:48 of 1st period - Stopped by Jocelyn Thibault without a rebound.
12:49 of 1st period - Robert Nilsson wins face-off versus Joe Sakic in Blackhawks zone.
12:56 of 1st period - Slapshot by Donald Brashear.
12:56 of 1st period - Stopped by Jocelyn Thibault without a rebound.
12:57 of 1st period - Robert Nilsson wins face-off versus Joe Sakic in Blackhawks zone.
13:01 of 1st period - Snap shot by Robert Nilsson.
13:01 of 1st period - Shot Misses the Net.
13:03 of 1st period - Wrist shot by Robert Nilsson.
13:03 of 1st period - Goal by Robert Nilsson - Canadiens : 1 - Blackhawks : 1.
13:04 of 1st period - Joe Sakic wins face-off versus Donald Brashear in neutral zone.
13:07 of 1st period - Slapshot by Kristopher Letang.
13:07 of 1st period - Shot Blocked by Éric Desjardins.
13:09 of 1st period - Snap shot by Kris Versteeg.
13:09 of 1st period - Deflect By Joe Sakic.
13:09 of 1st period - Stopped by Kari Lehtonen without a rebound.
13:10 of 1st period - Joe Sakic wins face-off versus Robert Nilsson in Canadiens zone.
13:46 of 1st period - Slapshot by Tomas Holmstrom.
13:46 of 1st period - Stopped by Jocelyn Thibault with a rebound.
14:18 of 1st period - Slapshot by Marek Zidlicky.
14:18 of 1st period - Stopped by Kari Lehtonen with a rebound.
15:04 of 1st period - Wrist shot by Viktor Kozlov.
15:04 of 1st period - Goal by Viktor Kozlov - Canadiens : 2 - Blackhawks : 1.
15:05 of 1st period - Joe Sakic wins face-off versus Robert Nilsson in neutral zone.
15:05 of 1st period - Joe Sakic is hit by Marek Svatos.
15:09 of 1st period - Robert Nilsson is hit by Kris Versteeg and loses puck.
15:18 of 1st period - Slapshot by Duncan Keith.
15:18 of 1st period - Shot Blocked by Kris Versteeg.
15:20 of 1st period - Slapshot by Éric Desjardins.
15:20 of 1st period - Stopped by Jocelyn Thibault with a rebound.
15:30 of 1st period - Bill Guerin is hit by Patrick Eaves and loses puck.
15:52 of 1st period - Scott Gomez is hit by Tomas Kloucek and loses puck.
16:38 of 1st period - Wrist shot by Chris Gratton.
16:38 of 1st period - Stopped by Kari Lehtonen without a rebound.
16:39 of 1st period - Chris Gratton wins face-off versus Alexei Yashin in Canadiens zone.
17:20 of 1st period - Minor Penalty to Donald Brashear for Roughing.
17:21 of 1st period - Robert Nilsson wins face-off versus Joe Sakic in Canadiens zone.
17:27 of 1st period - Icing by Bill Guerin.
17:28 of 1st period - Joe Sakic wins face-off versus Robert Nilsson in Blackhawks zone.
17:28 of 1st period - Joe Sakic is hit by Tomas Kloucek.
19:20 of 1st period - Penalty to Donald Brashear is over, Donald Brashear is back on ice.
19:20 of 1st period - Tomas Holmstrom is hit by Hnat Domenichelli and loses puck.
19:31 of 1st period - Snap shot by Donald Brashear.
19:31 of 1st period - Stopped by Jocelyn Thibault without a rebound.
19:32 of 1st period - Viktor Kozlov wins face-off versus Brooks Laich in Blackhawks zone.
19:37 of 1st period - Slapshot by Richard Zednik.
19:37 of 1st period - Shot Blocked by Matthew Spiller.
19:39 of 1st period - Slapshot by Tyler Sloan.
19:39 of 1st period - Deflect By Tomas Holmstrom.
19:39 of 1st period - Stopped by Jocelyn Thibault with a rebound.
19:41 of 1st period - Snap shot by Richard Zednik.
19:41 of 1st period - Goal by Richard Zednik - Canadiens : 3 - Blackhawks : 1.
19:42 of 1st period - Joe Sakic wins face-off versus Robert Nilsson in neutral zone.
19:54 of 1st period - Éric Desjardins is hit by Brent Sopel and loses puck.
19:56 of 1st period - Minor Penalty to Bill Guerin for Goalie Interference.
19:57 of 1st period - Scott Gomez wins face-off versus Robert Nilsson in Blackhawks zone.
19:57 of 1st period - Scott Gomez is hit by Robert Nilsson.
2nd period
0:01 of 2nd period - Robert Nilsson wins face-off versus Scott Gomez in neutral zone.
0:07 of 2nd period - Backhand shot by Donald Brashear.
0:07 of 2nd period - Stopped by Jocelyn Thibault without a rebound.
0:08 of 2nd period - Scott Gomez wins face-off versus Robert Nilsson in Blackhawks zone.
0:23 of 2nd period - Slapshot by Éric Desjardins.
0:23 of 2nd period - Shot Misses the Net.
1:56 of 2nd period - Penalty to Bill Guerin is over, Bill Guerin is back on ice.
2:15 of 2nd period - Snap shot by Ryane Clowe.
2:15 of 2nd period - Shot Blocked by Bill Guerin.
2:17 of 2nd period - Slapshot by Duncan Keith.
2:17 of 2nd period - Shot Blocked by Marek Zidlicky.
2:33 of 2nd period - Michel Ouellet is hit by Chris Gratton and loses puck.
2:53 of 2nd period - Minor Penalty to Brent Sopel for Hooking.
2:53 of 2nd period - Minor Penalty to Tomas Kloucek for Tripping.
2:54 of 2nd period - Joe Sakic wins face-off versus Robert Nilsson in Canadiens zone.
2:55 of 2nd period - Slapshot by Kris Versteeg.
2:55 of 2nd period - Stopped by Kari Lehtonen without a rebound.
2:56 of 2nd period - Joe Sakic wins face-off versus Robert Nilsson in Canadiens zone.
3:01 of 2nd period - Wrist shot by Kris Versteeg.
3:01 of 2nd period - Shot Misses the Net.
4:05 of 2nd period - Matthew Spiller is hit by Duncan Keith and loses puck.
4:36 of 2nd period - Jason Smith is hit by Alexei Yashin.
4:40 of 2nd period - Mark Stuart is hit by Jason Smith.
4:53 of 2nd period - Penalty to Brent Sopel is over, Brent Sopel is back on ice.
4:53 of 2nd period - Penalty to Tomas Kloucek is over, Tomas Kloucek is back on ice.
5:04 of 2nd period - Slapshot by Hnat Domenichelli.
5:04 of 2nd period - Stopped by Kari Lehtonen with a rebound.
5:06 of 2nd period - Snap shot by Jeff Taffe.
5:06 of 2nd period - Shot Blocked by Duncan Keith.
5:08 of 2nd period - Wrist shot by Brent Sopel.
5:08 of 2nd period - Shot Misses the Net.
5:10 of 2nd period - Slapshot by Jason Smith.
5:10 of 2nd period - Deflect By Brent Sopel.
5:10 of 2nd period - Stopped by Kari Lehtonen with a rebound.
5:12 of 2nd period - Slapshot by Jason Smith.
5:12 of 2nd period - Stopped by Kari Lehtonen without a rebound.
5:13 of 2nd period - Viktor Kozlov wins face-off versus Scott Gomez in Canadiens zone.
5:31 of 2nd period - Minor Penalty to Matthew Spiller for Holding Stick.
5:32 of 2nd period - Viktor Kozlov wins face-off versus Scott Gomez in Blackhawks zone.
5:41 of 2nd period - Snap shot by Tomas Holmstrom.
5:41 of 2nd period - Stopped by Jocelyn Thibault with a rebound.
5:43 of 2nd period - Wrist shot by Tomas Holmstrom.
5:43 of 2nd period - Stopped by Jocelyn Thibault with a rebound.
5:45 of 2nd period - Wrist shot by Tomas Holmstrom.
5:45 of 2nd period - Stopped by Jocelyn Thibault with a rebound.
5:47 of 2nd period - Snap shot by Richard Zednik.
5:47 of 2nd period - Goal by Richard Zednik - Canadiens : 4 - Blackhawks : 1.
5:47 of 2nd period - Tyler Weiman enters game.
5:48 of 2nd period - Robert Nilsson wins face-off versus Joe Sakic in neutral zone.
5:59 of 2nd period - Wrist shot by Kris Versteeg.
5:59 of 2nd period - Shot Misses the Net.
6:01 of 2nd period - Slapshot by Joe Sakic.
6:01 of 2nd period - Stopped by Kari Lehtonen with a rebound.
6:03 of 2nd period - Snap shot by Marek Zidlicky.
6:03 of 2nd period - Stopped by Kari Lehtonen with a rebound.
6:22 of 2nd period - Richard Zednik is hit by Matthew Spiller and loses puck.
6:57 of 2nd period - Michel Ouellet is hit by Joe Sakic and loses puck.
7:45 of 2nd period - Greg De Vries is hit by Mark Stuart and loses puck.
7:58 of 2nd period - Steve Sullivan is hit by Ryane Clowe and loses puck.
8:03 of 2nd period - Wrist shot by Alexei Yashin.
8:03 of 2nd period - Shot Blocked by Marek Zidlicky.
8:15 of 2nd period - Bill Guerin is hit by Duncan Keith and loses puck.
9:25 of 2nd period - Wrist shot by Alexei Yashin.
9:25 of 2nd period - Stopped by Tyler Weiman with a rebound.
9:27 of 2nd period - Snap shot by Alexei Yashin.
9:27 of 2nd period - Goal by Alexei Yashin - Canadiens : 5 - Blackhawks : 1.
9:28 of 2nd period - Joe Sakic wins face-off versus Robert Nilsson in neutral zone.
9:32 of 2nd period - Icing by Duncan Keith.
9:33 of 2nd period - Robert Nilsson wins face-off versus Bill Guerin in Canadiens zone.
9:33 of 2nd period - Robert Nilsson is hit by Kris Versteeg.
9:49 of 2nd period - Minor Penalty to Éric Desjardins for Cross-checking.
9:50 of 2nd period - Joe Sakic wins face-off versus Robert Nilsson in Canadiens zone.
9:59 of 2nd period - Wrist shot by Bill Guerin.
9:59 of 2nd period - Stopped by Kari Lehtonen with a rebound.
10:01 of 2nd period - Snap shot by Bill Guerin.
10:01 of 2nd period - Shot Misses the Net.
10:03 of 2nd period - Wrist shot by Marek Zidlicky.
10:03 of 2nd period - Stopped by Kari Lehtonen without a rebound.
10:04 of 2nd period - Robert Nilsson wins face-off versus Joe Sakic in Canadiens zone.
10:04 of 2nd period - Robert Nilsson is hit by Joe Sakic.
10:14 of 2nd period - Kris Versteeg is hit by Donald Brashear and loses puck.
10:58 of 2nd period - Robert Nilsson is hit by Greg De Vries and loses puck.
11:46 of 2nd period - Icing by Kristopher Letang.
11:47 of 2nd period - Scott Gomez wins face-off versus Ryan Bayda in Blackhawks zone.
11:49 of 2nd period - Penalty to Éric Desjardins is over, Éric Desjardins is back on ice.
11:52 of 2nd period - Snap shot by Éric Desjardins.
11:52 of 2nd period - Stopped by Tyler Weiman with a rebound.
12:06 of 2nd period - Snap shot by Nikita Alexeev.
12:06 of 2nd period - Shot Blocked by Tomas Holmstrom.
12:54 of 2nd period - Snap shot by Robert Nilsson.
12:54 of 2nd period - Stopped by Tyler Weiman with a rebound.
12:56 of 2nd period - Snap shot by Robert Nilsson.
12:56 of 2nd period - Deflect By Marek Svatos.
12:56 of 2nd period - Goal by Marek Svatos - Canadiens : 6 - Blackhawks : 1.
12:57 of 2nd period - Joe Sakic wins face-off versus Robert Nilsson in neutral zone.
13:00 of 2nd period - Slapshot by Brent Sopel.
13:00 of 2nd period - Stopped by Kari Lehtonen with a rebound.
13:22 of 2nd period - Martin Havlat is hit by Viktor Kozlov and loses puck.
14:10 of 2nd period - Snap shot by Joe Sakic.
14:10 of 2nd period - Shot Blocked by Shane O'Brien.
14:14 of 2nd period - Wrist shot by Joe Sakic.
14:14 of 2nd period - Stopped by Kari Lehtonen with a rebound.
14:28 of 2nd period - Jason Smith is hit by Tyler Arnason and loses puck.
14:49 of 2nd period - Greg De Vries is hit by Richard Zednik and loses puck.
16:04 of 2nd period - Minor Penalty to Tyler Arnason for Holding.
16:05 of 2nd period - Joe Sakic wins face-off versus Robert Nilsson in Canadiens zone.
16:12 of 2nd period - Snap shot by Joe Sakic.
16:12 of 2nd period - Shot Blocked by Donald Brashear.
16:14 of 2nd period - Wrist shot by Bill Guerin.
16:14 of 2nd period - Goal by Bill Guerin - Canadiens : 6 - Blackhawks : 2.
16:15 of 2nd period - Joe Sakic wins face-off versus Robert Nilsson in neutral zone.
16:15 of 2nd period - Brent Sopel beats up Shane O'Brien.
16:15 of 2nd period - Penalty to Brent Sopel for Fighting.
16:15 of 2nd period - Penalty to Shane O'Brien for Fighting.
16:16 of 2nd period - Joe Sakic wins face-off versus Robert Nilsson in neutral zone.
16:42 of 2nd period - Marek Zidlicky is hit by Viktor Kozlov and loses puck.
17:32 of 2nd period - Snap shot by Ryan Bayda.
17:32 of 2nd period - Shot Blocked by Matthew Spiller.
18:02 of 2nd period - Icing by Richard Zednik.
18:03 of 2nd period - Viktor Kozlov wins face-off versus Martin Havlat in Canadiens zone.
18:58 of 2nd period - Alexei Yashin is hit by Brooks Laich and loses puck.
19:15 of 2nd period - Wrist shot by Richard Zednik.
19:15 of 2nd period - Stopped by Tyler Weiman with a rebound.
19:53 of 2nd period - Kristopher Letang is hit by Marek Svatos and loses puck.
3rd period
0:01 of 3rd period - Joe Sakic wins face-off versus Robert Nilsson in neutral zone.
0:04 of 3rd period - Slapshot by Kris Versteeg.
0:04 of 3rd period - Stopped by Kari Lehtonen with a rebound.
0:06 of 3rd period - Snap shot by Kris Versteeg.
0:06 of 3rd period - Stopped by Kari Lehtonen with a rebound.
0:08 of 3rd period - Slapshot by Kristopher Letang.
0:08 of 3rd period - Shot Misses the Net.
0:10 of 3rd period - Snap shot by Kris Versteeg.
0:10 of 3rd period - Stopped by Kari Lehtonen with a rebound.
0:12 of 3rd period - Snap shot by Bill Guerin.
0:12 of 3rd period - Goal by Bill Guerin - Canadiens : 6 - Blackhawks : 3.
0:13 of 3rd period - Robert Nilsson wins face-off versus Joe Sakic in neutral zone.
0:13 of 3rd period - Éric Desjardins is hit by Kris Versteeg and loses puck.
0:22 of 3rd period - Backhand shot by Joe Sakic.
0:22 of 3rd period - Shot Blocked by Duncan Keith.
0:24 of 3rd period - Snap shot by Bill Guerin.
0:24 of 3rd period - Stopped by Kari Lehtonen with a rebound.
0:26 of 3rd period - Snap shot by Marek Zidlicky.
0:26 of 3rd period - Deflect By Joe Sakic.
0:26 of 3rd period - Stopped by Kari Lehtonen without a rebound.
0:27 of 3rd period - Joe Sakic wins face-off versus Robert Nilsson in Canadiens zone.
0:32 of 3rd period - Slapshot by Joe Sakic.
0:32 of 3rd period - Stopped by Kari Lehtonen with a rebound.
0:48 of 3rd period - Éric Desjardins is hit by Kris Versteeg and loses puck.
0:54 of 3rd period - Minor Penalty to Marek Svatos for Diving.
0:55 of 3rd period - Robert Nilsson wins face-off versus Joe Sakic in Canadiens zone.
1:15 of 3rd period - Penalty to Shane O'Brien is over, Shane O'Brien is back on ice.
1:25 of 3rd period - Off-side.
1:26 of 3rd period - Scott Gomez wins face-off versus Viktor Kozlov in neutral zone.
2:14 of 3rd period - Icing by Steve Sullivan.
2:15 of 3rd period - Robert Nilsson wins face-off versus Scott Gomez in Blackhawks zone.
2:54 of 3rd period - Penalty to Marek Svatos is over, Marek Svatos is back on ice.
3:03 of 3rd period - Icing by Tomas Kloucek.
3:04 of 3rd period - Nikita Alexeev wins face-off versus Robert Nilsson in Canadiens zone.
3:16 of 3rd period - Minor Penalty to Scott Gomez for Holding.
3:17 of 3rd period - Kris Versteeg wins face-off versus Viktor Kozlov in Blackhawks zone.
3:44 of 3rd period - Robert Nilsson is hit by Martin Havlat.
3:48 of 3rd period - Snap shot by Donald Brashear.
3:48 of 3rd period - Stopped by Tyler Weiman without a rebound.
3:49 of 3rd period - Robert Nilsson wins face-off versus Brooks Laich in Blackhawks zone.
4:00 of 3rd period - Wrist shot by Donald Brashear.
4:00 of 3rd period - Stopped by Tyler Weiman without a rebound.
4:01 of 3rd period - Robert Nilsson wins face-off versus Kris Versteeg in Blackhawks zone.
4:10 of 3rd period - Wrist shot by Robert Nilsson.
4:10 of 3rd period - Stopped by Tyler Weiman without a rebound.
4:11 of 3rd period - Robert Nilsson wins face-off versus Kris Versteeg in Blackhawks zone.
4:55 of 3rd period - Minor Penalty to Brent Sopel for Charging.
4:55 of 3rd period - Minor Penalty to Richard Zednik for Slashing.
4:56 of 3rd period - Robert Nilsson wins face-off versus Martin Havlat in Blackhawks zone.
5:16 of 3rd period - Penalty to Scott Gomez is over, Scott Gomez is back on ice.
6:54 of 3rd period - Jason Smith is hit by Shane O'Brien and loses puck.
6:55 of 3rd period - Penalty to Brent Sopel is over, Brent Sopel is back on ice.
6:55 of 3rd period - Penalty to Richard Zednik is over, Richard Zednik is back on ice.
7:19 of 3rd period - Snap shot by Richard Zednik.
7:19 of 3rd period - Shot Blocked by Greg De Vries.
7:24 of 3rd period - Icing by Brent Sopel.
7:25 of 3rd period - Brooks Laich wins face-off versus Robert Nilsson in Blackhawks zone.
7:56 of 3rd period - Wrist shot by Tomas Holmstrom.
7:56 of 3rd period - Stopped by Tyler Weiman with a rebound.
8:29 of 3rd period - Slapshot by Marek Zidlicky.
8:29 of 3rd period - Deflect By Dan Hinote.
8:29 of 3rd period - Shot Misses the Net.
8:29 of 3rd period - Puck is out of play.
8:30 of 3rd period - Chris Gratton wins face-off versus Robert Nilsson in Canadiens zone.
9:00 of 3rd period - Robert Nilsson is hit by Martin Havlat and loses puck.
9:55 of 3rd period - Wrist shot by Brooks Laich.
9:55 of 3rd period - Stopped by Kari Lehtonen with a rebound.
10:19 of 3rd period - Minor Penalty to Scott Gomez for Interference.
10:20 of 3rd period - Kris Versteeg wins face-off versus Robert Nilsson in Blackhawks zone.
10:49 of 3rd period - Jason Smith is hit by Richard Zednik and loses puck.
11:59 of 3rd period - Tomas Kloucek is hit by Jason Smith and loses puck.
12:10 of 3rd period - Snap shot by Chris Gratton.
12:10 of 3rd period - Stopped by Kari Lehtonen with a rebound.
12:12 of 3rd period - Wrist shot by Chris Gratton.
12:12 of 3rd period - Stopped by Kari Lehtonen without a rebound.
12:13 of 3rd period - Kris Versteeg wins face-off versus Viktor Kozlov in Canadiens zone.
12:19 of 3rd period - Penalty to Scott Gomez is over, Scott Gomez is back on ice.
12:25 of 3rd period - Minor Penalty to Martin Havlat for Roughing.
12:26 of 3rd period - Scott Gomez wins face-off versus Donald Brashear in Blackhawks zone.
12:53 of 3rd period - Jason Smith is hit by Richard Zednik and loses puck.
13:36 of 3rd period - Minor Penalty to Richard Zednik for Tripping.
13:37 of 3rd period - Joe Sakic wins face-off versus Robert Nilsson in Canadiens zone.
13:40 of 3rd period - Snap shot by Joe Sakic.
13:40 of 3rd period - Shot Misses the Net.
13:51 of 3rd period - Minor Penalty to Marek Zidlicky for Interference.
13:52 of 3rd period - Robert Nilsson wins face-off versus Kris Versteeg in Blackhawks zone.
14:25 of 3rd period - Penalty to Martin Havlat is over, Martin Havlat is back on ice.
14:35 of 3rd period - Wrist shot by Joe Sakic.
14:35 of 3rd period - Deflect By Kris Versteeg.
14:35 of 3rd period - Stopped by Kari Lehtonen without a rebound.
14:36 of 3rd period - Robert Nilsson wins face-off versus Joe Sakic in Canadiens zone.
15:03 of 3rd period - Éric Desjardins is hit by Scott Gomez and loses puck.
15:26 of 3rd period - Brent Sopel is hit by Donald Brashear and loses puck.
15:36 of 3rd period - Penalty to Richard Zednik is over, Richard Zednik is back on ice.
15:51 of 3rd period - Penalty to Marek Zidlicky is over, Marek Zidlicky is back on ice.
16:01 of 3rd period - Brooks Laich is hit by Tyler Arnason and loses puck.
16:20 of 3rd period - Patrick Eaves is hit by Kristopher Letang and loses puck.
16:29 of 3rd period - Snap shot by Chris Gratton.
16:29 of 3rd period - Shot Misses the Net.
16:31 of 3rd period - Slapshot by Kristopher Letang.
16:31 of 3rd period - Shot Blocked by Mark Stuart.
17:24 of 3rd period - Snap shot by Robert Nilsson.
17:24 of 3rd period - Shot Misses the Net.
17:52 of 3rd period - Minor Penalty to Hnat Domenichelli for Tripping.
17:52 of 3rd period - Minor Penalty to Shane O'Brien for Tripping.
17:53 of 3rd period - Joe Sakic wins face-off versus Robert Nilsson in Canadiens zone.
17:59 of 3rd period - Tyler Sloan is hit by Brent Sopel and loses puck.
18:06 of 3rd period - Snap shot by Donald Brashear.
18:06 of 3rd period - Shot Blocked by Kris Versteeg.
18:08 of 3rd period - Slapshot by Tyler Sloan.
18:08 of 3rd period - Deflect By Kris Versteeg.
18:08 of 3rd period - Stopped by Tyler Weiman without a rebound.
18:09 of 3rd period - Robert Nilsson wins face-off versus Kris Versteeg in Blackhawks zone.
18:12 of 3rd period - Wrist shot by Robert Nilsson.
18:12 of 3rd period - Shot Misses the Net.
18:14 of 3rd period - Slapshot by Éric Desjardins.
18:14 of 3rd period - Stopped by Tyler Weiman with a rebound.
18:16 of 3rd period - Slapshot by Robert Nilsson.
18:16 of 3rd period - Shot Misses the Net.
18:32 of 3rd period - Duncan Keith is hit by Brent Sopel and loses puck.
19:25 of 3rd period - Snap shot by Brooks Laich.
19:25 of 3rd period - Stopped by Kari Lehtonen with a rebound.
19:27 of 3rd period - Snap shot by Nikita Alexeev.
19:27 of 3rd period - Shot Misses the Net.
19:52 of 3rd period - Penalty to Hnat Domenichelli is over, Hnat Domenichelli is back on ice.
19:52 of 3rd period - Penalty to Shane O'Brien is over, Shane O'Brien is back on ice.
Output by the SimonT Hockey Simulator (STHS) for François Prévost -- Original Page W3C XHTML 1.0 Valid